Map: Frozen Temple

Players

Miszu

  • Race: Terran Terran
  • League: Master

llllllllllll - Winner!

  • Race: Terran Terran
  • League: Master

VOD

Have the link to the VOD?

Description

Time

  • Played on: May 3, 2016, noon
  • Length: 3:30
Show
View Real Time Build Order
Export as new Build Order

Miszu Terran 

Build Orders:  

Get SALT Encoding   

  12  0:00  SCV  
  13  0:12  SCV  
  14  0:18  Supply Depot  
  14  0:24  SCV  
  15  0:31  Refinery  
  15  0:40  SCV  
  16  0:47  Barracks  
  16  0:52  SCV  
  17  0:58  Refinery  
  17  1:04  SCV  
  18  1:16  SCV  
  19  1:28  SCV  
  20  1:35  Factory  
  20  1:37  Reaper  
  21  1:42  Orbital Command  
  21  1:51  Supply Depot  
  21  2:07  SCV  
  22  2:09  Reaper  
  23  2:18  Hellion  
  24  2:41  Reaper  
  21  2:48  Hellion  
  21  2:49  SCV  
  21  3:04  SCV  
Show
View Real Time Build Order
Export as new Build Order

llllllllllll Terran - Winner!

Build Orders:  

Get SALT Encoding   

  12  0:11  Supply Depot  
  12  0:35  Barracks  
  12  0:36  Refinery  
  12  0:52  Barracks  
  12  0:57  SCV  
  13  1:09  SCV  
  14  1:22  Reaper  
  15  1:31  Barracks  
  15  1:39  Reaper  
  16  1:48  Refinery  
  16  1:56  Reaper  
  17  2:13  Reaper  
  18  2:39  Reaper x2  
  20  2:47  Reaper  
Tags
 
Add a new tag
Caveats
  • Supply blocks, unpowered buildings, or Contaminate may cause inaccurate times.
  • Supply counts are checked every 10 seconds.